 Dungeon Crawl Stone Soup version 0.31-a0-496-g6f97920a28 (webtiles) character file.

Game seed: 112341284324800136

87 AstroCodex24 the Trooper (level 4, -2/35 HPs)
             Began as a Vampire Fighter on Aug 8, 2023.
             Killed from afar by an orc wizard (6 damage)
             ... with a puff of flame
             ... on level 4 of the Dungeon.
             The game lasted 00:02:25 (515 turns).

AstroCodex24 the Trooper (Vampire Fighter)           Turns: 515, Time: 00:02:25

Health: -2/35      AC:  7    Str: 17    XL:     4   Next: 28%
Magic:  4/4        EV:  9    Int: 10    God:
Gold:   68         SH:  4    Dex: 13    Spells: 3/3 levels left

rFire   . . .        a - +0 war axe
rCold   . . .        c - +0 buckler
rNeg    . . .        b - +0 scale mail
rPois   .            (no helmet)
rElec   .            (no cloak)
rCorr   .            e - +0 pair of gloves
SInv    +            (no boots)
Will    .....        (no amulet) Stlth
                     (no ring)
HPRegen 0.45/turn    (no ring)
MPRegen 0.09/turn

%: no passive effects
@: healing quickly
A: alive, fangs 3, see invisible, vampiric 2
a: Exsanguinate


You were on level 4 of the Dungeon.
You visited 1 branch of the dungeon, and saw 4 of its levels.

You collected 68 gold pieces.

Inventory:

Hand Weapons
 a - a +0 war axe (weapon)
Armour
 b - a +0 scale mail (worn)
 c - a +0 buckler (worn)
 e - a +0 pair of gloves (worn)
Scrolls
 g - a scroll of teleportation {unknown}
 h - a scroll of fog {unknown}
 j - a scroll of identify {unknown}
Potions
 d - a potion of might
 f - 2 potions of heal wounds {unknown}
 i - a potion of curing {unknown}
 k - a potion of haste {unknown}


   Skills:
 + Level 3.2 Fighting
 + Level 3.2 Axes
 + Level 2.8 Armour
 + Level 3.0 Shields


You had 3 spell levels left.
You didn't know any spells.
Your spell library was empty.

Dungeon Overview and Level Annotations

Branches:
Dungeon (4/15)
 Temple: D:4-7

Altars:


Innate Abilities, Weirdness & Mutations

Your natural rate of healing is accelerated.
You have razor-sharp teeth.
You have supernaturally acute eyesight. (SInv)
You are afflicted with vampirism and can become a bat while bloodless.


Message History

You slash the orc wizard!
The orc wizard is heavily wounded.
The gnoll hits you from afar with a +0 spear. x2
* * * LOW HITPOINT WARNING * * *
The orc hits you but does no damage. The orc wizard barely misses you.
You slash the orc!
You kill the orc!
You completely miss the orc wizard. The gnoll hits you but does no damage.
The orc wizard barely misses you.
An orc comes into view. It is wielding a +0 club.
The orc shouts!
The gnoll misses you. The orc wizard barely misses you.
The orc moves out of view.
There is an open door, spattered with blood here.
Items here: ( )))) ††.
You barely miss the orc wizard.
The orc wizard is heavily wounded.
You closely miss the gnoll. The orc wizard casts a spell at you.
You resist with some effort. You block the gnoll's attack.
You closely miss the orc wizard.
The orc wizard is heavily wounded.
You closely miss the gnoll. The gnoll barely misses you.
The orc wizard hits you but does no damage.
The gnoll hits you with a +0 spear.
* * * LOW HITPOINT WARNING * * *
The orc wizard hits you with a +0 dagger.
* * * LOW HITPOINT WARNING * * *
You miss the orc wizard.
The orc wizard is heavily wounded.
You hit the gnoll.
The orc wizard hits you with a +0 dagger.
* * * LOW HITPOINT WARNING * * *
You block the gnoll's attack.
You barely miss the orc wizard.
The orc wizard is heavily wounded.
You hit the gnoll. You block the gnoll's attack.
The orc wizard casts a spell at you. The puff of flame hits you.
You die...

#...†.#....#....# ..
#.....#....#....# ..O
#.....#....#....# ....
#.....#....'....###+#....
#.....#....#.............
#.....#....#####(........
#.....#....##..#.........
#.....'.....#..'.........
#.....#.....@o.#.........
#.....#....o#g.#.........
#.....#....##..#.........
#.....#....##..####....##
#.....#.†...#....)o....#
##....#.....#.....#....#
#....'.....#.....#....'
#....#######.....# #
#..(.......#.....#


You could see an orc wizard, a gnoll and an orc.

Vanquished Creatures
  An orc wizard (D:4)
  2 gnolls (D:4)
  An adder (D:4)
  2 worms (D:2)
  A dart slug (D:1)
  3 orcs (D:4)
  2 bats (D:1)
  A giant cockroach (D:4)
  4 hobgoblins
  2 kobolds
  A quokka (D:1)
  A ball python (D:2)
  A frilled lizard (D:1)
  2 goblins
24 creatures vanquished.

Notes
Turn   | Place    | Note
-------+----------+-------------------------------------------
     0 | D:1      | AstroCodex24 the Vampire Fighter began the quest for the
                  | Orb.
     0 | D:1      | Reached XP level 1. HP: 17/17 MP: 1/1
   146 | D:1      | Reached XP level 2. HP: 16/23 MP: 2/2
   344 | D:4      | Gained mutation: You are afflicted with vampirism and can
                  | become a bat while bloodless. [Vampire growth]
   344 | D:4      | Reached XP level 3. HP: 28/29 MP: 3/3
   471 | D:4      | Noticed an ogre
   500 | D:4      | Reached XP level 4. HP: 21/35 MP: 4/4
   515 | D:4      | Killed from afar by an orc wizard

Illustrated notes

Levels and vault maps discovered:
D:1:      lemuel_arrival_muddy, layout_loops_ring, chequers_garden,
          amethyst_killhole, corexii_item_surrounded_by_moat,
          serial_bayou_pond_e, corexii_leaking_fountain, minivault_24
D:2:      layout_rooms, basic_altar
D:3:      layout_basic, minmay_misc_feat_ornament
D:4:      layout_gridville, uniq_edmund

Skill      XL: |  1  2  3 |
---------------+----------+-----
Axes           | 2 3 |  3.2
Fighting       | 3 |  3.2
Shields        | 3 |  3.0
Armour         | |  2.8

Action                     |  1- 3 |  4- 6 || total
---------------------------+-------+-------++-------
  Melee: War axe           |    53 |     9 ||    62
         Bite              |     7 |       ||     7
 Armour: Scale mail        |    28 |     4 ||    32
  Dodge: Dodged            |    26 |     6 ||    32
  Block: Buckler           |     6 |     5 ||    11

Table legend: (Time is in decaauts)
 A = Elapsed time spent in this place.
 B = Non-inter-level travel time spent in this place.
 C = Inter-level travel time spent in this place.
 D = Time resting spent in this place.
 E = Time spent auto-exploring this place.
 F = Levels seen in this place.
 G = Mean time per level.
                   A        B        C        D        E       F      G
               +--------+--------+--------+--------+--------+-----+--------+
         Total |    540 |    540 |      0 |      0 |      0 |   4 |  135.0 |
       Dungeon |    540 |    540 |      0 |      0 |      0 |   4 |  135.0 |
               +--------+--------+--------+--------+--------+-----+--------+

Top non-repeatable levels by time:
     D:1: 206 daAuts
     D:4: 187 daAuts
     D:2: 114 daAuts
     D:3: 31 daAuts
